 Dungeon Crawl Stone Soup version bcrawl-1.22 (webtiles) character file.

Game seed: 16627149409334625406

34 pasperui the Sneak (level 3, -3/18 HPs)
             Began as a Felid Transmuter on May 11, 2020.
             Killed by nerve-wracking pain
             ... invoked by an orc priest
              (5 damage)
             ... on level 2 of the Dungeon.
             The game lasted 00:03:23 (928 turns).

pasperui the Sneak (Felid Transmuter)                Turns: 928, Time: 00:03:24

Health: -3/18      AC:  1    Str:  7    XL:     3   Next: 31%
Magic:  7/7        EV: 18    Int: 14    God:
Gold:   47         SH:  0    Dex: 16    Spells: 5/6 levels left
                                        Lives:  0   Deaths: 0

rFire    . . .     SeeInvis +     - Unarmed
rCold    . . .     Gourm    .   (shield unavailable)
rNeg     . . .     Faith    .   (armour unavailable)
rPois    .         Spirit   .   (helmet unavailable)
rElec    .         Reflect  .   (cloak restricted)
rCorr    .         Harm     .   (gloves unavailable)
MR       .....                  (boots unavailable)
Stlth    +++.......             (no amulet)
HPRegen  0.06/turn              (no ring)
MPRegen  0.10/turn              (no ring)

@: hasted, very quick
A: very small, no armour, no weapons or thrown items, stealth, claws 1, fangs 3,
see invisible, carnivore, speed 1, shaggy fur 1, slow metabolism 1, sharp paws
a: no special abilities


You were on level 2 of the Dungeon.
You were very full.

You visited 1 branch of the dungeon, and saw 2 of its levels.

You collected 47 gold pieces.

Inventory:

Missiles
 a - 283 arrows
 b - 533 stones
Jewellery
 f - an uncursed ring of magical power {unknown}
Scrolls
 d - a scroll of identify {unknown}
 g - a scroll of enchant weapon {unknown}
 h - a scroll of enchant armour {unknown}
 i - a scroll of fog {unknown}
 j - a scroll of teleportation {unknown}
Potions
 c - a potion of lignification
Comestibles
 e - 2 rations {!d}


   Skills:
 - Level 1.0 Fighting
 - Level 2.6 Dodging
 * Level 4.2 Stealth
 - Level 3.6 Unarmed Combat
 - Level 2.4 Spellcasting
 - Level 2.0 Transmutations


You had 5 spell levels left.
You knew the following spells:

 Your Spells              Type           Power        Failure   Level  Hunger
a - Beastly Appendage     Tmut           #.....       10%         1    #......

Your spell library contained the following spells:

 Spells                   Type           Power        Failure   Level  Hunger
 Sticks to Snakes         Tmut           #.......     16%         2    ###....
 Spider Form              Tmut/Pois      #..          41%         3    ###....
 Ice Form                 Ice/Tmut       #.......     83%         4    #####..
 Blade Hands              Tmut           #.........   95%         5    ######.


Dungeon Overview and Level Annotations

Branches:
Dungeon (2/12)

Altars:


Innate Abilities, Weirdness & Mutations

You cannot wear almost all types of armour.
You are incapable of wielding weapons or throwing items.
Your paws allow you to move quietly. (Stealth)
You have sharp claws.
You have razor-sharp teeth.
You have supernaturally acute eyesight. (SInv)
You are carnivorous and can eat meat at any time.
You cover ground quickly.
You are covered in fur. (AC +1)
You have a slow metabolism.
Your sharp claws are effective at attacking unaware monsters.


Message History

Increase (S)trength, (I)ntelligence, or (D)exterity?
You feel stronger.
An orc priest comes into view. It is wielding a +0 mace.
The orc priest shouts!
You hear an angry hiss.
Unknown command.
You claw the orc priest!
The orc priest is heavily wounded.
The orc priest hits you with a +0 mace.
* * * LOW HITPOINT WARNING * * *
You scratch the orc priest but do no damage.
The orc priest is heavily wounded.
The goblin closely misses you. The orc priest misses you.
Unknown command.
Found a whip.
A hobgoblin comes into view. It is wielding a +0 club.
It was a potion of haste.
You feel yourself speed up.
Unknown command.
The orc priest mumbles some strange prayers to Beogh against you.
Pain shoots through your body!
You die...

......#.# #.#.#
......#.# #.##.#.###
........### #.##......
.... .....# #.##.#.###
##
.....##.#.######.##.#.#
..
....)....o............#
.#
######g#..#####.##.###
..
####.#..#####.##.####
..
#....@..............# #
#.##.#..#####.##.####
.. .. ............##.#
## #.#.####......[....#
.... ....#####.#### ###
##### #.# #.# ###


You could see an orc priest and a goblin.

Vanquished Creatures
  An adder (D:2)
  A dart slug (D:2)
  A leopard gecko (D:1)
  A kobold (D:1)
  A ball python (D:1)
  A frilled lizard (D:1)
  2 goblins (D:1)
8 creatures vanquished.

Notes
Turn   | Place    | Note
-------+----------+-------------------------------------------
     0 | D:1      | pasperui the Felid Transmuter began the quest for the Orb.
     0 | D:1      | Reached XP level 1. HP: 10/10 MP: 4/4
    95 | D:1      | Reached skill level 1 in Stealth
   229 | D:2      | Found a faded altar of an unknown god.
   231 | D:2      | Reached skill level 2 in Stealth
   231 | D:2      | Reached XP level 2. HP: 12/14 MP: 6/6
   871 | D:2      | Reached skill level 3 in Stealth
   919 | D:2      | Reached skill level 4 in Stealth
   919 | D:2      | Reached XP level 3. HP: 7/18 MP: 7/7
   928 | D:2      | Killed from afar by an orc priest

Skill      XL: |  1  2 |
---------------+-------+-----
Stealth        | 2 4 |  4.2
Fighting       | |  1.0
Dodging        | |  2.6
Unarmed Combat | |  3.6
Spellcasting   | |  2.4
Transmutations | |  2.0

Action                   || total
-------------------------++-------
Melee: Unarmed           ||    22
       Bite              ||     4
 Cast: Beastly Appendage ||     1
  Use: Potion            ||     1
 Stab: Sleeping          ||     1
  Eat: Chunk             ||     6
Armor: Skin              ||     1
Dodge: Dodged            ||    19
